 Dungeon Crawl Stone Soup version 0.20.1-1-g8b1a95d (webtiles) character file.

12602 RKaid the Fighter (level 12, -1/90 HPs)
             Began as a Formicid Venom Mage on Aug 2, 2017.
             Was a High Priest of Okawaru.
             Killed from afar by a gargoyle (10 damage)
             ... with a stone arrow
             ... on level 11 of the Dungeon.
             The game lasted 00:58:50 (18330 turns).

RKaid the Fighter (Formicid Venom Mage)            Turns: 18330, Time: 00:58:50

Health: -1/90      AC: 13    Str: 17    XL:     12   Next: 22%
Magic:  8/16       EV: 14    Int: 19    God:    Okawaru [*****.]
Gold:   623        SH:  0    Dex: 11    Spells: 5/17 levels left

rFire    + + .     SeeInvis +   a - +1 quarterstaff
rCold    . . .     Gourm    .   (no shield)
rNeg     . . .     Faith    .   y - +2 leather armour {rC+}
rPois    .         Spirit   .   (helmet unavailable)
rElec    .         Reflect  .   f - +1 cloak
rCorr    .         Harm     .   (no gloves)
MR       +++..                  N - +0 pair of boots (curse)
Stlth    ++++......             (no amulet)
Regen    0.3/turn               O - +4 ring of protection
MPRegen  0.2/turn               I - ring of Light {rF++ rC- MR+ Int+3 Stlth+}

@: heroism, very slightly contaminated
A: permanent stasis, dig shafts and tunnels, four strong arms, antennae 3, frail
1, magic resistance 1, mutation resistance 1
a: Dig, Shaft Self, Heroism, Finesse, Renounce Religion


You were on level 11 of the Dungeon.
You worshipped Okawaru.
Okawaru was extremely pleased with you.
You were not hungry.

You visited 2 branches of the dungeon, and saw 12 of its levels.

You collected 665 gold pieces.
You spent 42 gold pieces at shops.

Inventory:

Hand Weapons
 a - a +1 quarterstaff (weapon)
   (You found it on level 2 of the Dungeon)
 b - a +0 hunting sling
   (You found it on level 4 of the Dungeon)
 w - a +0 flail of protection
   (You took it off an orc on level 5 of the Dungeon)
Missiles
 e - 349 stones (quivered)
 k - 41 poisoned needles
 A - 113 sling bullets
 B - 2 throwing nets {=f}
Armour
 f - a +1 cloak (worn)
   (You found it on level 3 of the Dungeon)
 y - a +2 leather armour of cold resistance (worn)
   (You took it off an orc on level 5 of the Dungeon)
 F - a +0 plate armour
   (You found it on level 7 of the Dungeon)
 N - a cursed +0 pair of boots (worn)
   (You found it on level 8 of the Dungeon)
Jewellery
 g - an uncursed ring of magical power {MP+9}
   (You found it on level 1 of the Dungeon)
 v - an uncursed ring of wizardry {Wiz+}
   (You found it on level 4 of the Dungeon)
 G - an uncursed ring of ice {rC+, rF-}
   (You found it on level 7 of the Dungeon)
 I - the ring of Light (right hand) {rF++ rC- MR+ Int+3 Stlth+}
   (You found it on level 7 of the Dungeon)

   [ring of stealth]

   It affects your intelligence (+3).
   It greatly protects you from fire.
   It makes you vulnerable to cold.
   It affects your resistance to hostile enchantments.
   It makes you more stealthy.
 O - a +4 ring of protection (left hand)
   (You took it off an orc wizard on level 10 of the Dungeon)
Wands
 l - a wand of paralysis (2/24)
   (You found it on level 9 of the Dungeon)
 x - a wand of flame (14/48)
   (You took it off Robin on level 4 of the Dungeon)
 C - a wand of clouds (7/9)
   (You took it off Harold on level 11 of the Dungeon)
 D - a wand of digging (7/24)
   (You took it off an orc wizard on level 10 of the Dungeon)
 E - a wand of polymorph (9/24)
   (You found it on level 6 of the Dungeon)
Scrolls
 i - a scroll of identify
 n - a scroll of recharging
 o - a scroll of remove curse
 p - a scroll of enchant weapon
 s - 3 scrolls of fog
 M - 2 scrolls of fear
Potions
 d - 4 potions of curing
 h - 3 potions of magic
 m - a potion of ambrosia {unknown}
 q - 5 potions of heal wounds
 r - 3 potions of brilliance
 t - 5 potions of mutation {!q!q}
 u - a potion of invisibility
 K - a potion of degeneration {unknown}
Books
 j - a Young Poisoner's Handbook
 H - Ycvot's Volume of the Mountains and Good Luck
   (You found it on level 7 of the Dungeon)

   Spells                             Type                      Level
   a - Infusion                       Charms                       1
   b - Swiftness                      Charms/Air                   2
   c - Stone Arrow                    Conjuration/Earth            3
   d - Spectral Weapon                Hexes/Charms                 3
   e - Leda's Liquefaction            Hexes/Earth                  4
   f - Excruciating Wounds            Charms/Necromancy            5
 J - a book of Flames
   (You found it on level 8 of the Dungeon)
Comestibles
 c - 4 bread rations
 z - 7 meat rations


   Skills:
 + Level 11.1(16.1) Fighting
 - Level 10.3(16.6) Maces & Flails
 * Level 9.1(16.0) Staves
 - Level 1.7(6.7) Dodging
 - Level 2.4(7.4) Stealth
 - Level 3.0 Spellcasting
 - Level 1.0 Conjurations
 - Level 9.0 Poison Magic
 + Level 4.7 Invocations


You had 5 spell levels left.
You knew the following spells:

 Your Spells              Type           Power        Failure   Level  Hunger
a - Sting                 Conj/Pois      ###.         2%          1    None
b - Poisonous Vapours     Pois/Air       ###...       4%          2    ##.....
c - Mephitic Cloud        Conj/Pois/Air  ###.....     14%         3    ###....
d - Olgreb's Toxic Radia  Pois           #####...     4%          4    ####...
A - Swiftness             Chrm/Air       #.......     26%         2    ##.....


Dungeon Overview and Level Annotations

Branches:
Dungeon (11/15)            Temple (1/1) D:7
   Lair: D:8-11         Orc: D:9-12

Altars:
Ashenzari
Cheibriados
Dithmenos
Elyvilon
Fedhas
Gozag
Hepliaklqana
Kikubaaqudgha
Makhleb
Nemelex Xobeh
Okawaru
Qazlal
Sif Muna
Trog
Uskayaw
Vehumet
Xom
Yredelemnul
Zin
The Shining One

Shops:
D:6 !   D:7 (

Annotations:
D:4 exclusion: Eustachio, Eustachio
D:5 baghtru's ghost, novice HOFi
D:6 exclusion: Grinder, Grinder
D:8 exclusion: two-headed ogre
D:10 Fannar
D:11 Urug


Innate Abilities, Weirdness & Mutations

You cannot be hasted, slowed, berserked, paralysed or teleported.
You can dig through walls and to a lower floor.
Your four strong arms can wield two-handed weapons with a shield.
You have a pair of large antennae on your head. (SInv)
You are frail. (-10% HP)
You are resistant to hostile enchantments. (MR+)
You are somewhat resistant to further mutation.


Message History

Harold is engulfed in noxious fumes.
You completely miss Harold. You barely miss Harold. You thump Harold!
You hit Harold but do no damage. You hit Harold but do no damage.
You thump Harold!
Harold hits you with a hand axe of freezing.
Harold freezes you.
You thump Harold!
You kill Harold!
Okawaru is honoured by your kill.
Your base Staves skill increases to level 9!
Items here: ( ) / [ a hand axe of freezing; a ring mail; a wand of clouds (?/9) 2 curare-tipped needles
Okay, then.
C - a wand of clouds (?/9);
E - a wand of polymorph (?/24)
Items here: ( )) ÷ a curare-tipped needle; an uncursed blowgun; an uncursed short sword of venom the kobold skeleton of Sonja {!w} You start resting.
Items here: ( )) ÷ a curare-tipped needle; an uncursed blowgun; an uncursed short sword of venom the kobold skeleton of Sonja {!w} Urug shouts!
Urug screams, "Damn your eyes!"
A gargoyle comes into view. It is wielding a flail.
Casting: Sting
Confirm with . or Enter, or press ? or * to list all spells.
Aiming: Poisonous Vapours
Press: ? - help, Dir - move target cursor, f - Urug
Aim: Urug, wielding a demon trident of electrocution and wearing a ring mail Poisonous vapours surround Urug!
Urug is engulfed in poison gas.
Urug is poisoned.
Urug throws a javelin.
The javelin hits you!
Press: ? - help, v - describe, . - travel
Here: Urug, wielding a demon trident of electrocution and wearing a ring mail (poison gas, lightly wounded, poisoned)
The floor.
Casting: Poisonous Vapours
Confirm with . or Enter, or press ? or * to list all spells.
Aiming: Poisonous Vapours
Press: ? - help, Dir - move target cursor, f/p - Urug
Aim: Urug, wielding a demon trident of electrocution and wearing a ring mail (poison gas, lightly wounded, poisoned)
You miscast Poisonous Vapours.
You are very lightly contaminated with residual magic.
You feel faint for a moment.
Urug is engulfed in poison gas.
Urug looks even sicker.
Urug grins evilly.
Urug throws a javelin.
The javelin hits you!
Items here: )))))) [[[ You start resting.
You gain the combat prowess of a mighty hero.
Urug hits you with a demon trident of electrocution.
You closely miss Urug. You hit Urug but do no damage.
Urug hits you with a demon trident of electrocution!
You are electrocuted!
You sock Urug!
Urug hits you with a demon trident of electrocution.
You extend your mandibles.
You dig through the rock wall.
You retract your mandibles.
You see here 2 javelins.
Urug hits you from afar with a demon trident of electrocution!
Casting: Poisonous Vapours
Confirm with . or Enter, or press ? or * to list all spells.
Aiming: Mephitic Cloud
Press: ? - help, Shift-Dir - straight line, f/p - Urug
Aim: Urug, wielding a demon trident of electrocution and wearing a ring mail (heavily wounded, poisoned)
The ball explodes into a vile cloud!
The stinking cloud engulfs Urug.
You hear a bark!
Urug is engulfed in noxious fumes.
Urug appears confused.
Casting: Mephitic Cloud
Confirm with . or Enter, or press ? or * to list all spells.
Aiming: Sting
Press: ? - help, Shift-Dir - straight line, f/p - Urug
Aim: Urug, wielding a demon trident of electrocution and wearing a ring mail (noxious fumes, heavily wounded, poisoned, confused)
The sting hits Urug.
Urug appears unharmed.
Urug looks more healthy.
Urug is engulfed in noxious fumes.
Urug appears confused.
Casting: Sting
Confirm with . or Enter, or press ? or * to list all spells.
Aiming: Sting
Press: ? - help, Shift-Dir - straight line, f/p - Urug
Aim: Urug, wielding a demon trident of electrocution and wearing a ring mail (noxious fumes, heavily wounded, confused)
The sting hits Urug.
Urug is engulfed in noxious fumes.
Urug appears confused.
Urug drinks a potion.
Urug seems to grow stronger.
Urug is engulfed in noxious fumes.
Urug appears confused.
Urug hits you with a demon trident of electrocution.
* * * LOW HITPOINT WARNING * * *
You are electrocuted!
* * * LOW HITPOINT WARNING * * *
Press: ? - help, v - describe, . - travel, g - get item
Here: a gargoyle, wielding a flail 2 javelins.
The floor.
Unknown command.
Urug is engulfed in noxious fumes.
Urug appears confused.
The gargoyle hurls a stone arrow at you.
The stone arrow hits you!
You die...

### ### ###########.###.##
#.......##)#.###(#
#.......###9###.##############
#.........o§..@.).(...........
#.......#########..#..........
###........######...(...........
....................()..........
#######.##........)o............
#.#....#..........5)........
##†###..#...#.##({)a....#.#. #
### #.........(.))........ ##
#.#......#.##..#.#.....


You could see Urug (confused) and a gargoyle.

Vanquished Creatures
  Harold (D:11)
  3 two-headed ogres (D:8)
  Nergalle (D:10)
  Sonja (D:11)
  An unseen horror (D:11)
  Pikel (D:8)
  An ugly thing (D:11)
  Maurice (D:10)
  2 hippogriffs (D:8)
  A yak (D:7)
  A wraith (D:10)
  A human (D:7)
  2 hogs (D:7)
  2 hungry ghosts
  A hell hound (D:11)
  3 orc warriors
  2 sky beasts (D:6)
  An ice beast (D:8)
  4 slaves (D:8)
  A necrophage (D:9)
  A phantom (D:6)
  7 ogres
  4 centaurs
  3 big kobolds
  4 bullfrogs
  2 gnoll sergeants
  A wyvern zombie (D:8)
  A scorpion (D:8)
  11 killer bees
  7 howler monkeys
  A centaur zombie (D:8)
  4 bullfrog zombies
  5 crimson imps
  A bullfrog skeleton (D:4)
  2 quasits
  3 jellies
  6 orc priests
  3 centaur skeletons
  10 hounds
  An iron imp (D:11)
  3 iguanas
  12 orc wizards
  9 worker ants
  A killer bee zombie (D:8)
  2 hound skeletons
  Robin (D:4)
  A worker ant zombie (D:6)
  14 adders
  16 gnolls
  4 shadow imps
  An ooze (D:2)
  An adder skeleton (D:6)
  3 worms
  4 dart slugs
  7 leopard geckos
  39 orcs
  6 giant cockroaches
  14 goblins
  12 hobgoblins
  9 jackals
  17 kobolds
  5 quokkas
  16 bats
  7 frilled lizards
  A giant cockroach zombie (D:5)
  11 rats
  A plant (D:4)
325 creatures vanquished.

Vanquished Creatures (others)
  A sky beast (D:11)
  A shadow imp (D:11)
  A white imp (D:11)
  An orc (D:11)
4 creatures vanquished.

Grand Total: 329 creatures vanquished

Notes
Turn   | Place    | Note
-------+----------+-------------------------------------------
     0 | D:1      | RKaid the Formicid Venom Mage began the quest for the Orb.
     0 | D:1      | Reached XP level 1. HP: 13/13 MP: 3/3
   122 | D:1      | Reached skill level 1 in Conjurations
   143 | D:1      | Reached skill level 1 in Fighting
   143 | D:1      | Reached XP level 2. HP: 21/21 MP: 0/5
   549 | D:1      | Reached XP level 3. HP: 26/26 MP: 7/7
   945 | D:2      | Reached skill level 2 in Fighting
   966 | D:1      | Reached skill level 3 in Spellcasting
   966 | D:1      | Reached XP level 4. HP: 27/33 MP: 8/8
  1426 | D:2      | Reached skill level 1 in Staves
  1516 | D:2      | Reached XP level 5. HP: 39/39 MP: 9/9
  2085 | D:3      | Found a snail-covered altar of Cheibriados.
  2107 | D:3      | Reached skill level 5 in Poison Magic
  2212 | D:3      | Reached skill level 2 in Staves
  2408 | D:3      | Learned a level 2 spell: Poisonous Vapours
  2412 | D:3      | Learned a level 3 spell: Mephitic Cloud
  2417 | D:3      | Learned a level 4 spell: Olgreb's Toxic Radiance
  2425 | D:3      | Reached skill level 3 in Fighting
  2526 | D:3      | Reached skill level 3 in Staves
  2526 | D:3      | Reached XP level 6. HP: 37/47 MP: 10/10
  2799 | D:4      | Found a hazy altar of Hepliaklqana.
  3082 | D:4      | Noticed Eustachio
  3361 | D:4      | Reached skill level 4 in Fighting
  3361 | D:4      | Reached skill level 4 in Staves
  3361 | D:4      | Reached XP level 7. HP: 44/54 MP: 11/11
  3477 | D:4      | Noticed Robin
  3631 | D:4      | Killed Robin
  4326 | D:5      | Entered Level 5 of the Dungeon
  4332 | D:5      | Noticed baghtru's ghost (novice HOFi)
  4333 | D:5      | Found a shimmering altar of Xom.
  4884 | D:5      | Reached skill level 6 in Poison Magic
  4928 | D:5      | Reached skill level 5 in Staves
  4928 | D:5      | Reached XP level 8. HP: 30/61 MP: 9/12
  5324 | D:5      | Reached skill level 5 in Fighting
  6398 | D:6      | Found Giostret's Distillery.
  6818 | D:6      | Reached skill level 7 in Poison Magic
  6901 | D:6      | Gained mutation: You are resistant to hostile enchantments. (MR+) [mutagenic meat]
  6902 | D:6      | Gained mutation: You are frail. (-10% HP) [mutagenic meat]
  6903 | D:6      | Gained mutation: You are somewhat resistant to further mutation. [mutagenic meat]
  7394 | D:6      | Reached skill level 6 in Staves
  7419 | D:6      | Reached skill level 6 in Fighting
  7503 | D:6      | Reached skill level 1 in Maces & Flails
  7538 | D:6      | Reached XP level 9. HP: 56/62 MP: 13/13
  7561 | D:6      | Reached skill level 8 in Poison Magic
  7746 | D:6      | Reached skill level 2 in Maces & Flails
  8040 | D:6      | Found an opulent altar of Gozag.
  8075 | D:6      | Reached skill level 3 in Maces & Flails
  8081 | D:6      | HP: 12/63 [killer bee (5)]
  8786 | D:6      | HP: 14/63 [orc warrior/halberd (6)]
  8878 | D:6      | HP: 3/63 [orc warrior/halberd (16)]
  9277 | D:6      | Reached skill level 7 in Fighting
  9287 | D:6      | HP: 16/64 [orc warrior/halberd (3)]
  9292 | D:6      | HP: 14/64 [poisoned by a gnoll sergeant]
  9297 | D:6      | HP: 13/64 [poisoned by a gnoll sergeant]
  9304 | D:6      | HP: 12/64 [poisoned by a gnoll sergeant]
  9312 | D:6      | HP: 12/64 [poisoned by a gnoll sergeant]
  9591 | D:6      | Bought a potion of curing for 42 gold pieces
  9751 | D:6      | Found a shattered altar of Ashenzari.
  9816 | D:6      | Noticed Grinder
 10166 | D:7      | Reached skill level 9 in Poison Magic
 10276 | D:7      | RKaid: !ac 5
 10276 | D:7      | beem: 4.4 armour skill per 1 AC for 5 base AC
 10313 | D:7      | Found a staircase to the Ecumenical Temple.
 10339 | Temple   | Entered the Ecumenical Temple
 10399 | Temple   | Became a worshipper of Warmaster Okawaru
 10439 | D:7      | Identified Ycvot's Volume of the Mountains and Good Luck
 10597 | D:7      | Found Weut's Weapon Shop.
 10618 | D:7      | Got a coiled copper ring
 10671 | D:7      | Identified the ring of Light {rF++ rC- MR+ Int+3 Stlth+} (You found it on level 7 of the Dungeon)
 10691 | D:7      | Reached skill level 7 in Staves
 10698 | D:7      | HP: 14/64 [hog (10)]
 10712 | D:7      | Reached XP level 10. HP: 19/72 MP: 10/14
 11203 | D:7      | Reached skill level 8 in Fighting
 11203 | D:7      | Reached skill level 8 in Staves
 11508 | D:8      | Noticed a two-headed ogre
 11588 | D:8      | Noticed a two-headed ogre
 11604 | D:8      | Reached * piety under Okawaru
 11679 | D:8      | Reached skill level 4 in Maces & Flails
 11907 | D:8      | Learned a level 2 spell: Swiftness
 12107 | D:8      | Reached skill level 5 in Maces & Flails
 12185 | D:8      | Noticed a two-headed ogre
 12772 | D:8      | Reached skill level 9 in Fighting
 12818 | D:8      | Noticed a two-headed ogre
 12831 | D:8      | Killed a two-headed ogre
 12831 | D:8      | Reached ** piety under Okawaru
 12831 | D:8      | Reached skill level 6 in Maces & Flails
 13134 | D:8      | Killed a two-headed ogre
 13134 | D:8      | Reached skill level 7 in Maces & Flails
 13134 | D:8      | Reached XP level 11. HP: 43/80 MP: 5/15
 13703 | D:8      | Noticed Pikel
 13725 | D:8      | Killed Pikel
 13725 | D:8      | Reached *** piety under Okawaru
 13725 | D:8      | Reached skill level 8 in Maces & Flails
 13988 | D:8      | Reached skill level 10 in Fighting
 14012 | D:8      | Killed a two-headed ogre
 14398 | D:9      | Found an ancient bone altar of Kikubaaqudgha.
 14582 | D:9      | Reached skill level 9 in Maces & Flails
 15514 | D:10     | Entered Level 10 of the Dungeon
 15649 | D:10     | Reached skill level 1 in Invocations
 16120 | D:10     | Noticed Maurice
 16154 | D:10     | Killed Maurice
 16154 | D:10     | Reached skill level 2 in Invocations
 16239 | D:10     | Noticed Nergalle
 16268 | D:10     | Killed Nergalle
 16268 | D:10     | Reached **** piety under Okawaru
 16687 | D:11     | Noticed Harold
 16687 | D:11     | Noticed an unseen horror
 16689 | D:11     | Noticed Fannar
 16941 | D:11     | Noticed a cyan ugly thing
 16972 | D:11     | Killed a cyan ugly thing
 17149 | D:11     | Noticed Urug
 17170 | D:11     | Reached skill level 3 in Invocations
 17286 | D:11     | Found a flagged portal.
 17315 | D:11     | Killed an unseen horror
 17315 | D:11     | Reached skill level 10 in Maces & Flails
 17423 | D:11     | HP: 18/82 [vampire (7)]
 17428 | D:11     | HP: 17/82 [poisoned by a worker ant]
 17787 | D:11     | Reached XP level 12. HP: 55/89 MP: 16/16
 17796 | D:11     | Reached skill level 4 in Invocations
 17952 | D:11     | Noticed Sonja
 17982 | D:11     | Killed Sonja
 17982 | D:11     | Reached ***** piety under Okawaru
 17982 | D:11     | Reached skill level 11 in Fighting
 18253 | D:11     | Killed Harold
 18253 | D:11     | Reached skill level 9 in Staves
 18328 | D:11     | HP: 9/90 [Urug/demon trident of electrocution (18)]
 18330 | D:11     | Killed from afar by a gargoyle

Skill      XL: |  1  2  3  4  5  6  7  8  9 10 11 12 |
---------------+-------------------------------------+-----
Conjurations   | 1 |  1.0
Fighting       | 1 2 3 4 6 7 9 10 11 | 11.1
Spellcasting   | 3 |  3.0
Staves         | 1 3 4 5 6 7 8 9 |  9.1
Poison Magic   | 5 6 7 9 |  9.0
Maces & Flails | 1 3 7 10 | 10.3
Invocations    | 3 4 |  4.7
Dodging        | |  1.7
Stealth        | |  2.4

Action                   |  1- 3 |  4- 6 |  7- 9 | 10-12 || total
-------------------------+-------+-------+-------+-------++-------
Melee: Quarterstaff      |       |    74 |   259 |    60 ||   393
       Flail             |       |       |   123 |   518 ||   641
       Punch             |       |       |       |     1 ||     1
 Fire: Hunting sling     |       |       |    35 |    41 ||    76
 Cast: Sting             |    68 |   135 |   159 |    81 ||   443
       Olgreb's Toxic Ra |       |       |     5 |     7 ||    12
       Mephitic Cloud    |       |       |     6 |     8 ||    14
       Poisonous Vapours |       |       |     7 |    19 ||    26
Invok: Heroism           |       |       |       |     3 ||     3
 Abil: Dig               |     4 |     4 |    18 |    16 ||    42
Evoke: Wand              |       |       |       |     3 ||     3
  Use: Scroll            |       |     9 |     8 |     4 ||    21
       Potion            |       |       |     4 |       ||     4
 Stab: Confused          |       |       |     2 |       ||     2
       Sleeping          |       |       |       |     6 ||     6
       Paralysed         |       |       |       |     3 ||     3
  Eat: Chunk             |     1 |     9 |    16 |    12 ||    38
       Fruit             |       |       |     8 |       ||     8
       Royal jelly       |       |       |     3 |     8 ||    11
       Bread ration      |       |       |     2 |     3 ||     5
Armor: Robe              |     3 |       |       |       ||     3
       Leather armour    |     1 |    36 |   156 |   285 ||   478
Dodge: Dodged            |    26 |    59 |   298 |   365 ||   748

Table legend:
 A = Turns spent in this place as a percentage of turns spent in the entire game.
 B = Non-inter-level travel turns spent in this place as a percentage of non-inter-level travel turns spent in the entire game.
 C = Inter-level travel turns spent in this place as a percentage of turns spent in this place.
 D = Turns resting spent in this place as a percentage of non-inter-level travel turns spent in this place.
 E = Turns spent auto-exploring this place as a percentage of non-inter-level travel turns spent in this place.
 F = Non-inter-level travel turns spent in this place divided by the number of levels of this place that you've seen.
                   A       B       C       D       E      F
               +-------+-------+-------+-------+-------+----------------------
         Total | 100.0 | 100.0 |   0.5 |   6.7 |   4.8 | 443.9
       Dungeon |  99.6 |  99.6 |   0.5 |   6.7 |   4.8 | 482.4
        Temple |   0.4 |   0.4 |   0.0 |   0.0 |  23.8 |  21.0
               +-------+-------+-------+-------+-------+----------------------

Table legend:
 A = Kills in this place as a percentage of kills in entire the game.
 B = Kills by you in this place as a percentage of kills by you in the entire game.
 C = Kills by friends in this place as a percentage of kills by friends in the entire game.
 D = Other kills in this place as a percentage of other kills in the entire game.
 E = Experience gained in this place as a percentage of experience gained in the entire game.
 F = Experience gained in this place divided by the number of levels of this place that you have seen.
                   A       B       C       D       E      F
               +-------+-------+-------+-------+-------+----------------------
         Total | 100.0 | 100.0 |  -nan | 100.0 | 100.0 | 1500.2
       Dungeon | 100.0 | 100.0 |  -nan | 100.0 | 100.0 | 1636.6
               +-------+-------+-------+-------+-------+----------------------
